Backs, chaotic male elven Ranger -------------------------- |>.......................| |..).(..----------------.| -------.------ |.| |...........| |.| |.`......*..| |.| --------.----| |.| |............| |.| |............| |.| -----.-------- ------|.| |..........| --|:d$u)|.| |..........| |(-$Bd$@|.| |.........-- |-|$$rfx|.| -------.---- |.r$x:Yd-.| |........| |-|$:qu:|-- |.)......| |.-:$$:a| |...------ --|$d$B=| ----- ------- Backs the Trailblazer Experience level: 8 Strength: 18 Dexterity: 12 Constitution: 16 Intelligence: 13 Wisdom: 14 Charisma: 7 Health: 0(61) Energy: 57(57) Def: 15 Gold: 13 Moves: 13117 Dungeon seed: L40FkS2W_OVygXPR Game ID: Backs_1606856346 Your Inventory: Weapons d - an uncursed +1 elven dagger (alternate weapon; not wielded) e - an uncursed +1 elven bow (weapon in hand) J - 8 uncursed +0 thirsty arrows K - 8 uncursed +0 thirsty poisoned orcish arrows M - 52 uncursed +2 elven arrows N - 35 uncursed +0 elven arrows Q - 6 uncursed +0 orcish arrows V - 59 uncursed poisoned +0 orcish arrows W - 16 blessed +2 arrows X - 15 uncursed +0 arrows (in quiver) Armor C - an uncursed +2 elven cloak (being worn) D - an uncursed +0 pair of iron shoes (being worn) E - an uncursed rusty +2 dwarvish roundshield (being worn) H - a blessed +0 dwarvish iron helm of telepathy (being worn) Comestibles o - an uncursed male lizard corpse r - an uncursed tripe ration B - an uncursed tin of kobold lord meat P - 2 uncursed food rations Rings c - an uncursed ring of protection from shape changers j - an uncursed ring of teleport control m - an uncursed +2 ring of protection y - an uncursed ring of fire immunity Wands f - an uncursed wand of teleportation (0:3) g - an uncursed wand of sleep (0:5) h - an uncursed wand of undead turning (0:6) p - an uncursed wand of cold (0:4) F - an uncursed wand of teleportation (0:8) L - an uncursed wand of magic missile (0:5) O - an uncursed wand of striking (0:7) Y - an uncursed wand of magic missile (0:5) Tools b - an uncursed sack k - an uncursed skeleton key l - a blessed magic lamp (lit) u - an uncursed +0 unicorn horn w - an uncursed magic whistle x - an uncursed +0 pick-axe A - an uncursed mirror G - an uncursed expensive camera (0:35) I - an uncursed +0 unicorn horn T - an uncursed towel Coins $ - 13 gold pieces Contents of the sack: 3 uncursed lembas wafers 2 uncursed tripe rations an uncursed scroll of teleportation an uncursed tinning kit (0:37) 16 gold pieces Spells and supernatural/magical abilities: Name Level Category Cost Memory l - light 1 divination 1000pw 93% u - confuse monster 2 enchantment 2000pw 93% W - pray for help -- divine ? -- Your skills at the end: Fighting Skills wands [Basic] Weapon Skills dagger [Skilled] bow [Expert] Spellcasting Skills Final Attributes: You were piously aligned. You were fire resistant. You were immune to sleep. You were poison resistant. You saw invisible. You were strongly telepathic. You had automatic searching. You had infravision. You were stealthy. You were protected. You last prayed 4675 turns ago. Mars was pleased with you. You are dead. Vanquished creatures: 2 giant mimics a large mimic 5 small mimics a leocrotta a chameleon a giant beetle a quivering blob 4 wolves a panther 3 spotted jellies 3 leprechauns 2 iron piercers a horse an ice vortex 2 black lights a brown pudding a rust monster an owlbear 2 lizards a dog a housecat a jaguar a dwarf lord 2 white unicorns 2 ravens 6 apes a human zombie 2 rope golems a soldier ant 3 fire ants a mountain nymph 2 Mordor orcs 26 Uruk-hai 2 rock piercers 3 rock moles 3 ponies 2 fog clouds 2 shriekers 9 gnome lords 2 gnomish wizards 3 kobold mummies a golden naga hatchling 3 gray oozes a barrow wight a ghoul 2 straw golems a paper golem 2 baby crocodiles 6 giant ants a little dog 4 floating eyes 2 kittens 9 dwarves 9 hill orcs 4 rothes a giant bat a monkey 7 orc zombies 9 iguanas 7 killer bees 2 acid blobs 2 coyotes a gas spore 4 hobbits 21 manes 2 large kobolds 5 hobgoblins a giant rat 7 cave spiders a brown mold 2 yellow molds a green mold 2 red molds 26 gnomes 3 garter snakes 3 gnome zombies 10 geckos 9 jackals 4 foxes 2 kobolds 4 goblins 14 grid bugs a bat 13 lichens 8 newts 329 creatures vanquished. Voluntary challenges: You had been an atheist until turn 2398. You used a wielded weapon 146 times, starting on turn 333. You read items or engraved 6 times, starting on turn 8864. You never genocided any monsters. You never polymorphed an object. You never changed form. You used no wishes. You never split a pudding. You never wrote Elbereth's name. You never violated your personal moral code. Dungeon overview: The Dungeons of Doom: levels 1 to 10 Level 1 a fountain, a vault a long staircase Level 2 a general store, a fountain, a sink, a vault stairs to The Gnomish Mines Level 3 a general store, an altar to Venus, a fountain, a sink Level 4 a hardware shop, a fountain, a vault Level 5 a vault Level 6 Level 7 some fountains, a vault Level 8 many fountains Level 9 stairs to Sokoban Level 10 The Gnomish Mines: levels 3 to 6 Level 3 stairs to The Dungeons of Doom Level 4 Level 5 many shops, a temple to Mars, some fountains, some trees Level 6 Sokoban: levels 5 to 8 Level 5 <- You were here Solved Level 6 Solved Level 7 Solved Level 8 Solved stairs to The Dungeons of Doom History has recorded: On T:1 you entered the Dungeons of Doom to retrieve the Amulet of Yendor! On T:130 you reached level 2 of The Dungeons of Doom. On T:150 you reached level 1 of The Gnomish Mines. On T:1596 you reached level 2 of The Gnomish Mines. On T:2274 you reached level 3 of The Gnomish Mines. On T:2644 you advanced to experience level 2. On T:2749 you advanced to experience level 3. On T:3126 you advanced to experience level 4. On T:3181 you reached level 4 of The Gnomish Mines. On T:3977 you reached level 3 of The Dungeons of Doom. On T:4019 you reached level 4 of The Dungeons of Doom. On T:5061 you reached level 5 of The Dungeons of Doom. On T:5457 you reached level 6 of The Dungeons of Doom. On T:5557 you advanced to experience level 5. On T:6167 you advanced to experience level 6. On T:6234 you reached level 7 of The Dungeons of Doom. On T:7275 you reached level 8 of The Dungeons of Doom. On T:7752 you advanced to experience level 7. On T:7776 you reached level 9 of The Dungeons of Doom. On T:8007 you reached level 10 of The Dungeons of Doom. On T:8183 you reached level 4 of Sokoban. On T:9061 you reached level 3 of Sokoban. On T:9177 you advanced to experience level 8. On T:10678 you reached level 2 of Sokoban. On T:11585 you reached level 1 of Sokoban. Score breakdown: Gold: 29 ( 5024 points) Experience: 8 levels (14739 points) Exploration: 10 levels ( 20.83%) (13127 points) Discoveries: 30 items ( 10.17%) ( 9566 points) Valuables value: (no points given unless you survive) Artifact value: 0 ( 0 points) Variety of kills: 85 monsters ( 22.37%) (14188 points) Turncount: 13117 turns (-2779 points) Survival: died (score multiplied by 80%) Total score: 43092 Latest messages: Sirius bites the giant ant. The giant ant is killed! The grid bug misses Sirius. The fox misses Sirius. The pony kicks! The pony misses. The pony kicks! The pony bites! Sirius misses the fox. The grid bug misses. The fox misses Sirius. The pony kicks! The pony bites! Sirius bites the fox. The fox is killed! The newt misses Sirius. The grid bug misses Sirius. The pony kicks! The pony bites! Sirius bites the kitten. The kitten misses Sirius. Sirius misses the kitten. The kitten bites! The grid bug misses Sirius. The pony kicks! You die... Final status: Goodbye Backs the Ranger, killed by a pony, while unconscious from rotten food... You died in Sokoban on dungeon level 5 with 43092 points, and 29 pieces of gold, after 13117 moves. You were level 8 with a maximum of 61 hit points when you died.